 Dungeon Crawl Stone Soup version 0.24.0-13-gcf9b319 (webtiles) character file.

Game seed: 9980850862037845126, levelgen mode: deterministic

15 Bronimir the Shooter (level 2, 0/23 HPs)
             Began as a Centaur Arcane Marksman on Mar 11, 2020.
             Succumbed to an adder's poison
             ... on level 2 of the Dungeon.
             The game lasted 00:01:44 (950 turns).

Bronimir the Shooter (Centaur Arcane Marksman)       Turns: 950, Time: 00:01:45

Health: 0/23       AC:  4    Str: 12    XL:     2   Next: 34%
Magic:  2/3        EV:  9    Int: 12    God:
Gold:   32         SH:  0    Dex:  9    Spells: 2/3 levels left

rFire    . . .     SeeInvis .   a - +0 shortbow
rCold    . . .     Gourm    .   (shield currently unavailable)
rNeg     . . .     Faith    .   c - +0 leather armour
rPois    .         Spirit   .   (no helmet)
rElec    .         Reflect  .   (no cloak)
rCorr    .         Harm     .   (no gloves)
MR       .....                  (no barding)
Stlth    ..........             (no amulet)
HPRegen  0.07/turn              (no ring)
MPRegen  0.08/turn              (no ring)

@: lethally poisoned (0 -> -7), very quick
A: large, hooves 3, deformed body, speed 2, tough skin 3
a: no special abilities


You were on level 2 of the Dungeon.
You were not hungry.

You visited 1 branch of the dungeon, and saw 2 of its levels.

You collected 32 gold pieces.

Inventory:

Hand Weapons
 a - a +0 shortbow (weapon)
Missiles
 d - 20 arrows (quivered)
 i - 10 poisoned darts
 j - 4 boomerangs
Armour
 c - a +0 leather armour (worn)
 e - a +0 robe
Jewellery
 o - an uncursed ring of protection from fire {unknown}
Scrolls
 g - 3 scrolls of remove curse {unknown}
 k - a scroll of enchant armour {unknown}
 l - a scroll of immolation {unknown}
Potions
 b - a potion of heal wounds {unknown}
 h - a potion of agility {unknown}
 m - a potion of magic {unknown}
 n - a potion of curing {unknown}
Comestibles
 f - 2 rations


   Skills:
 + Level 1.0 Fighting
 * Level 3.3 Bows
 + Level 1.5 Dodging
 + Level 1.0 Spellcasting
 * Level 3.0 Hexes


You had 2 spell levels left.
You knew the following spells:

 Your Spells              Type           Power        Failure   Level  Hunger
a - Corona                Hex            #......      11%         1    ##.....

Your spell library contained the following spells:

 Spells                   Type           Power        Failure   Level  Hunger
 Slow                     Hex            #.......     17%         2    ###....
 Inner Flame              Hex/Fire       #.......     52%         3    ####...
 Portal Projectile        Hex/Tloc       #.....       52%         3    ####...
 Cause Fear               Hex            #.........   73%         4    #####..
 Leda's Liquefaction      Hex/Erth       #.........   90%         4    #####..


Dungeon Overview and Level Annotations

Branches:
Dungeon (2/15)

Altars:
Hepliaklqana


Innate Abilities, Weirdness & Mutations

You have hooves in place of feet.
Armour fits poorly on your strangely shaped body.
You cover ground very quickly.
You have extremely tough skin. (AC +3)


Message History

The kobold hits you with a +2 whip of electrocution.
The adder barely misses you. The quokka bites you.
* * * LOW HITPOINT WARNING * * *
The kobold completely misses you.
Firing (i - inventory. (/) - cycle)
d - 22 arrows (quivered)
Press: ? - help, Shift-Dir - straight line, f/p - adder
Aim: an adder (severely wounded, softly glowing)
You shoot an arrow. The arrow barely misses the adder.
* * * LOW HITPOINT WARNING * * *
You feel sick. The adder bites you.
* * * LOW HITPOINT WARNING * * *
The quokka barely misses you. The adder barely misses you.
The kobold hits you but does no damage.
The quokka bites you but does no damage.
Firing (i - inventory. (/) - cycle)
d - 21 arrows (quivered)
Press: ? - help, Shift-Dir - straight line, f/p - adder
Aim: an adder (severely wounded, softly glowing)
You shoot an arrow. The arrow hits the adder.
The adder is severely wounded.
You die...

#..##..##. (. #.###..##.
#. #.###<.##. #.
#......### #( #........#
# #( #..##.##.# ##.#.
##..#......
###...S#######......##.#
....%.r@...............'
###...K#######>......#.#
##.#. ###.#.#.#.# # #.
#.......# .. #####.###
.# #.# #. #.# #. #.# #.#


You could see an adder, a quokka and a kobold.

Vanquished Creatures
  4 bats (D:1)
  4 hobgoblins (D:1)
  A frilled lizard (D:2)
  2 kobolds (D:1)
  5 rats (D:1)
16 creatures vanquished.

Notes
Turn   | Place    | Note
-------+----------+-------------------------------------------
     0 | D:1      | Bronimir the Centaur Arcane Marksman began the quest for
                  | the Orb.
     0 | D:1      | Reached XP level 1. HP: 16/16 MP: 2/2
   333 | D:1      | Reached XP level 2. HP: 20/23 MP: 3/3
   825 | D:2      | Found a hazy altar of Hepliaklqana.
   949 | D:2      | HP: 1/23 [adder (2)]
   950 | D:2      | Succumbed to an adder's poison

Levels and vault maps discovered:
D:1:      minmay_arrival_open_corners, layout_loops_ring, chequers_garden
D:2:      layout_loops_corners, old_standard_altar, lemuel_crystal_altar,
          first_ration

Skill      XL: |  1 |
---------------+----+-----
Bows           | 3 |  3.3
Hexes          | 3 |  3.0
Fighting       | |  1.0
Dodging        | |  1.5
Spellcasting   | |  1.0

Action                   || total
-------------------------++-------
 Fire: Shortbow          ||    72
Throw: Dart              ||     3
 Cast: Corona            ||     1
Armor: Leather armour    ||    17
Dodge: Dodged            ||    28
